 Dungeon Crawl Stone Soup version 0.31-a0-889-g1a8549509d (webtiles) character file.

Game seed: 12679813915301424578

163 porpoise the Vexing (level 5, 0/35 HPs)
             Began as a Demonspawn Enchanter on Oct 17, 2023.
             Slain by an orc
             ... wielding a +0 club
              (3 damage)
             ... on level 4 of the Dungeon.
             The game lasted 00:09:53 (2726 turns).

porpoise the Vexing (Demonspawn Enchanter)          Turns: 2726, Time: 00:09:54

Health: 0/35       AC:  2    Str:  8    XL:     5   Next: 20%
Magic:  1/8        EV: 12    Int: 19    God:
Gold:   190        SH:  0    Dex: 13    Spells: 3/8 levels left

rFire   . . .        a - +0 dagger (venom)
rCold   . . .        (no shield)
rNeg    . . .        b - +0 robe
rPois   +            (helmet restricted)
rElec   .            (no cloak)
rCorr   .            (no gloves)
SInv    .            (no boots)
Will    .....        (no amulet)
Stlth   ++           g - ring of poison resistance
HPRegen 0.25/turn    (no ring)
MPRegen 0.11/turn

%: no passive effects
@: no status effects
A: antennae 1, foul stench 1, demonic magic 1
a: no special abilities


You were on level 4 of the Dungeon.
You visited 1 branch of the dungeon, and saw 4 of its levels.

You collected 190 gold pieces.

Inventory:

Hand Weapons
 a - a +0 dagger of venom (weapon)
 s - a +1 dagger
Missiles
 n - 2 boomerangs
 o - 2 poisoned darts
 r - 2 javelins
Armour
 b - a +0 robe (worn)
Jewellery
 g - a ring of poison resistance (left hand)
Wands
 k - a wand of paralysis (10)
Scrolls
 e - a scroll of identify {unknown}
 j - a scroll of teleportation {unknown}
 m - a scroll of fog {unknown}
 p - a scroll of poison {unknown}
 q - a scroll of vulnerability {unknown}
 t - a scroll of amnesia {unknown}
Potions
 c - 2 potions of invisibility
 d - a potion of magic {unknown}
 f - 2 potions of might {unknown}
 h - a potion of berserk rage {unknown}
 i - 2 potions of mutation {unknown}
 l - 2 potions of lignification {unknown}


   Skills:
 + Level 2.8 Short Blades
 - Level 1.7 Dodging
 - Level 2.6 Stealth
 - Level 2.3 Spellcasting
 + Level 4.1 Hexes
 + Level 1.9 Ice Magic


You had 3 spell levels left.
You knew the following spells:

 Your Spells              Type           Power      Damage    Failure   Level
a - Confusing Touch       Hex            18%        N/A       9%          3
e - Ensorcelled Hibernat  Hex/Ice        26%        N/A       7%          2

Your spell library contained the following spells:

 Spells                   Type           Power      Damage    Failure   Level
 Tukima's Dance           Hex            18%        N/A       9%          3
 Dazzling Flash           Conj/Hex       20%        N/A       21%         3


Dungeon Overview and Level Annotations

Branches:
Dungeon (4/15)
 Temple: D:4-7

Altars:
Vehumet

Shops:
D:2 =


Innate Abilities, Weirdness & Mutations

You have a pair of small antennae on your head.
You may rarely emit foul miasma when damaged in melee.
Spells you cast may paralyse adjacent enemies.


Message History

The orc looks drowsy...
The helpless orc fails to defend itself.
You puncture the orc!
You kill the orc!
The orc hits you with a +0 club. The orc closely misses you.
The orc hits you with a +0 club.
Things that are here:
a +0 dagger; a +0 leather armour
Casting: Ensorcelled Hibernation (safe; 8% risk of failure)
Confirm with . or Enter, or press ? or * to list all spells.
Aiming: Ensorcelled Hibernation (safe; 8% risk of failure)
Press: ? - help, Shift-Dir - straight line, f - orc priest
Aim: an orc priest, wielding a +0 club (chance to affect: 47%)
The orc priest looks drowsy...
The orc hits you but does no damage. The orc hits you with a +0 club.
The helpless orc priest fails to defend itself.
You puncture the orc priest!
You kill the orc priest!
The orc barely misses you. The orc closely misses you.
You have reached level 5!
Your demonic ancestry asserts itself...
A menacing aura infuses your magic.
Casting: Ensorcelled Hibernation (safe; 7% risk of failure)
Confirm with . or Enter, or press ? or * to list all spells.
Aiming: Ensorcelled Hibernation (safe; 7% risk of failure)
Press: ? - help, Shift-Dir - straight line, f - orc
Aim: an orc, wielding a +0 club (chance to affect: 64%)
The orc struggles to resist.
Malevolent energies surge around you. The orc hits you with a +0 flail.
The orc hits you with a +0 club.
* * * LOW HITPOINT WARNING * * *
Casting: Ensorcelled Hibernation (safe; 7% risk of failure)
Confirm with . or Enter, or press ? or * to list all spells.
You don't have enough magic to cast this spell.
Unknown command.
You hit the orc.
The orc is heavily wounded.
The orc hits you with a +0 flail.
* * * LOW HITPOINT WARNING * * *
The orc hits you with a +0 club.
You die...

#.# #.# #### #.#
#####..# #.# ..#
#.###.#### #.#
#.........
#####.###..######.
#....†.....# #.
#@o##.###.#######.
###o)##.#
#.........
#....##.#
#.######..
#....o....##.# #.#
#.. ##.#.....###.#
#.# #.. ........
#.# #.# #..
#...........# .#
#.. ##.......##.#
#.. ##.....## #..


You could see 2 orcs.

Vanquished Creatures
  An orc priest (D:4)
  Terence (D:3)
  3 adders (D:2)
  A gnoll (D:2)
  A dart slug (D:3)
  A worm (D:3)
  5 orcs
  4 ball pythons
  5 endoplasms
  A giant cockroach (D:2)
  6 goblins
  9 hobgoblins
  9 kobolds
  3 quokkas
  4 bats
  2 frilled lizards
  8 rats
64 creatures vanquished.

Notes
Turn   | Place    | Note
-------+----------+-------------------------------------------
     0 | D:1      | porpoise the Demonspawn Enchanter began the quest for the
                  | Orb.
     0 | D:1      | Reached XP level 1. HP: 13/13 MP: 3/3
   130 | D:1      | Reached skill level 1 in Short Blades
   383 | D:1      | Gained mutation: You may rarely emit foul miasma when
                  | damaged in melee. [demonic ancestry]
   383 | D:1      | Reached XP level 2. HP: 18/19 MP: 5/5
   424 | D:1      | Learned a level 2 spell: Ensorcelled Hibernation
   991 | D:2      | Found Dixie's Jewellery Emporium.
  1064 | D:2      | Reached XP level 3. HP: 24/24 MP: 6/6
  1068 | D:2      | Learned a level 3 spell: Confusing Touch
  1201 | D:2      | Reached skill level 1 in Ice Magic
  1256 | D:2      | Gained mutation: You have a pair of small antennae on your
                  | head. [demonic ancestry]
  1256 | D:2      | Reached XP level 4. HP: 30/30 MP: 4/7
  1403 | D:2      | Found a faded altar of an unknown god.
  1965 | D:3      | Noticed Terence
  1971 | D:3      | Killed Terence
  2081 | D:3      | Reached skill level 4 in Hexes
  2229 | D:3      | Found a radiant altar of Vehumet.
  2725 | D:4      | Gained mutation: Spells you cast may paralyse adjacent
                  | enemies. [demonic ancestry]
  2725 | D:4      | Reached XP level 5. HP: 13/35 MP: 3/8
  2726 | D:4      | Slain by an orc

Illustrated notes

Levels and vault maps discovered:
D:1:      saegor_arrival_simple_e, layout_rooms
D:2:      minmay_door_path, layout_loops_ring, serial_shops, shop,
          hellmonk_ecumenical_altar_heavens_door
D:3:      layout_loops_ring, mainiacjoe_overflow_catwalk, st_stairs_5,
          uniq_terence
D:4:      minmay_opposing_rooms, layout_loops_ring, kennysheep_generic_room_2,
          uniq_eustachio, uniq_pikel

Skill      XL: |  1  2  3  4 |
---------------+-------------+-----
Short Blades   | 1 2 |  2.8
Ice Magic      | 1 |  1.9
Hexes          | 4 |  4.1
Dodging        | |  1.7
Stealth        | |  2.6
Spellcasting   | |  2.3

Action                     |  1- 3 |  4- 6 || total
---------------------------+-------+-------++-------
  Melee: Dagger            |   110 |    77 ||   187
         Punch             |     1 |     1 ||     2
   Cast: Ensorcelled Hiber |     3 |     9 ||    12
   Stab: Sleeping          |     6 |    12 ||    18
         Distracted        |       |     2 ||     2
 Armour: Robe              |    48 |    42 ||    90
  Dodge: Dodged            |    50 |    33 ||    83

Table legend: (Time is in decaauts)
 A = Elapsed time spent in this place.
 B = Non-inter-level travel time spent in this place.
 C = Inter-level travel time spent in this place.
 D = Time resting spent in this place.
 E = Time spent auto-exploring this place.
 F = Levels seen in this place.
 G = Mean time per level.
                   A        B        C        D        E       F      G
               +--------+--------+--------+--------+--------+-----+--------+
         Total |   2707 |   2624 |     83 |    720 |   1353 |   4 |  676.8 |
       Dungeon |   2707 |   2624 |     83 |    720 |   1353 |   4 |  676.8 |
               +--------+--------+--------+--------+--------+-----+--------+

Top non-repeatable levels by time:
     D:3: 921 daAuts
     D:1: 915 daAuts
     D:2: 821 daAuts
     D:4: 49 daAuts
